[Event "Titled Tuesday Blitz June 28 Early 2022"]
[White "Cruz, Cristhian"]
[Black "Orlov, Georgi"]
[WhiteFideId "3801969"]
[BlackFideId "2011271"]
[WhiteElo "2497"]
[BlackElo "2522"]
[Result "0-1"]
[Round "04"]
[TimeControl "180+1"]
[Date "2022.06.28"]
[WhiteClock "0:00:07"]
[BlackClock "0:00:05"]

1. d4 Nf6 2. c4 Nc6 3. Nf3 e6 4. g3 Bb4+ 5. Bd2 Qe7 6. Nc3 Bxc3 7. Bxc3 Ne4 8. Rc1 d6 9. Bg2 O-O 10. O-O Nxc3 11. Rxc3 e5 12. d5 Nb8 13. Nd2 a5 14. a3 a4 15. c5 Nd7 16. cxd6 cxd6 17. Rc4 Nc5 18. Ne4 Nb3 19. Rb4 f5 20. Nd2 Nc5 21. Nc4 Ra6 22. Qd2 f4 23. Qc3 Bg4 24. Re1 Qf6 25. gxf4 Qxf4 26. Qg3 Bd7 27. Qxf4 Rxf4 28. Rc1 Nb3 29. Rc3 b5 30. Ne3 Nd4 31. Kf1 Ra8 32. Rc7 Be8 33. Ke1 Bh5 34. f3 Bf7 35. Kf2 g5 36. Bh3 h5 37. Be6 Nxe6 38. dxe6 Bxe6 39. Rxf4 gxf4 40. Nc2 Rc8 41. Rxc8+ Bxc8 42. Nb4 Be6 43. e3 fxe3+ 44. Kxe3 Kf7 45. Nd3 Ke7 46. f4 Kf6 47. fxe5+ dxe5 48. Nf2 Bd5 49. Nd1 Bc4 50. Nc3 Kf5 51. Ne4 Kg4 52. Nf6+ Kh4 53. Ke4 Bf7 54. Kxe5 Kh3 55. Ne4 Kxh2 56. Nd6 Bc4 57. Kf4 h4 58. Nf5 h3 59. Kf3 Kg1 0-1


[Site "https://www.chess.com"]

[Event "Titled Tuesday Blitz June 28 Early 2022"]
[White "Daeschler, Florian"]
[Black "Ladopoulos, Dimitrios"]
[WhiteFideId "20678193"]
[BlackFideId "4239580"]
[WhiteElo "2221"]
[BlackElo "2195"]
[Result "0-1"]
[Round "04"]
[TimeControl "180+1"]
[Date "2022.06.28"]
[WhiteClock "0:00:02"]
[BlackClock "0:00:44"]

1. e4 e6 2. d4 d5 3. e5 c5 4. c3 Nc6 5. Nf3 Qb6 6. Be2 Nh6 7. Bxh6 gxh6 8. Qd2 Rg8 9. O-O Bd7 10. dxc5 Qxc5 11. b4 Qb6 12. Bd3 Bg7 13. Re1 Qc7 14. Bxh7 Rh8 15. Bc2 Nxe5 16. Nd4 O-O-O 17. Na3 Kb8 18. Rac1 Rc8 19. Bb1 a6 20. b5 Bf8 21. Qb2 Bxa3 22. Qxa3 Bxb5 23. Nxb5 axb5 24. Qb4 Rhg8 25. Kh1 Ng4 26. g3 Nxf2+ 27. Kg2 Ng4 28. Qxb5 Nxh2 29. Re3 Ng4 30. Rf3 Ne5 31. Re3 Nc4 32. Rf3 Rg7 33. Rh1 Rcg8 34. Rh3 Nd6 35. Qb4 Nc4 36. Bd3 Ne5 37. Re3 h5 38. Ba6 Nc6 39. Qb1 Ne7 40. c4 Nf5 41. Rb3 Rxg3+ 42. Rhxg3 Rxg3+ 43. Kf2 Qf4+ 44. Ke2 Rg2+ 0-1


[Site "https://www.chess.com"]

[Event "Titled Tuesday Blitz June 28 Early 2022"]
[White "Dardha, Daniel"]
[Black "Plazuelo Pascual, Juan"]
[WhiteFideId "240990"]
[BlackFideId "32059566"]
[WhiteElo "2482"]
[BlackElo "2359"]
[Result "1-0"]
[Round "04"]
[TimeControl "180+1"]
[Date "2022.06.28"]
[WhiteClock "0:00:06"]
[BlackClock "0:00:03"]

1. c4 Nf6 2. Nc3 e6 3. Nf3 d5 4. e3 b6 5. cxd5 Nxd5 6. d4 Bb7 7. Bb5+ c6 8. Bd3 Be7 9. e4 Nxc3 10. bxc3 c5 11. O-O cxd4 12. cxd4 O-O 13. Qe2 Nc6 14. Bb2 Nb4 15. Bb5 Rc8 16. Rfc1 a6 17. Bc4 b5 18. Bb3 Qb6 19. a3 Nc6 20. d5 Na5 21. Ba2 exd5 22. exd5 Bf6 23. Bxf6 Qxf6 24. Qd2 Nc4 25. Bxc4 bxc4 26. Rab1 c3 27. Qd3 Ba8 28. Rb4 Qg6 29. Qd4 Rfd8 30. Rxc3 Rxc3 31. Qxc3 Bxd5 32. h3 Bxf3 33. Qxf3 h6 34. Rg4 Qb1+ 35. Kh2 Qd3 36. Qb7 Qd6+ 37. g3 Qxa3 38. Qb6 Qd6 39. Qb2 Qf8 40. Qf6 g6 41. Rc4 Re8 42. Qxa6 Qg7 43. Rf4 Rf8 44. Qd6 Kh7 45. h4 Kg8 46. h5 g5 47. Rf6 Kh7 48. Qd3+ Kg8 49. Qf3 Kh7 50. Qf5+ Kg8 51. Kh3 Re8 52. Rd6 Rf8 53. Kg2 Kh8 54. Qd3 Kg8 55. Qa6 f6 56. Qc4+ Qf7 57. Qd3 Qxh5 58. Rd7 Rf7 59. Rd8+ Kg7 60. Qa3 Re7 61. Qxe7+ Qf7 62. Qxf7+ Kxf7 1-0


[Site "https://www.chess.com"]

[Event "Titled Tuesday Blitz June 28 Early 2022"]
[White "De La Colina, Nicolas"]
[Black "Ider, Borya"]
[WhiteFideId "30946921"]
[BlackFideId "4901134"]
[WhiteElo "2046"]
[BlackElo "2512"]
[Result "0-1"]
[Round "04"]
[TimeControl "180+1"]
[Date "2022.06.28"]
[WhiteClock "0:00:02"]
[BlackClock "0:00:52"]

1. e4 e6 2. d4 d5 3. Nd2 c5 4. Ngf3 cxd4 5. exd5 Qxd5 6. Bc4 Qd6 7. O-O Nf6 8. Nb3 Nc6 9. Nbxd4 Nxd4 10. Nxd4 a6 11. Re1 Bd7 12. c3 Qc7 13. Qe2 Bd6 14. Bg5 Bxh2+ 15. Kh1 Bd6 16. Bxf6 gxf6 17. Bxe6 fxe6 18. Nxe6 Bxe6 19. Qxe6+ Be7 20. Qxf6 Rf8 21. Qg7 Qd6 22. Re2 Qf6 23. Qxh7 Rf7 24. Qg8+ Rf8 25. Qh7 Rd8 26. Rae1 Rd7 27. Kg1 Kd8 28. Qh2 Bd6 29. Qh3 Rh8 30. Qg4 Qh6 31. Qh3 Qxh3 32. gxh3 Rxh3 33. Re8+ Kc7 34. Rg8 Rf7 35. Re2 Rhf3 36. Rg6 Bc5 37. Rg2 R3f5 38. Kf1 Kc6 39. Ke1 R7f6 40. b3 Rf3 41. Rc2 Re6+ 42. Kf1 Rd3 43. Kg1 Rd1+ 44. Kh2 Bd6+ 45. Kh3 Rh6+ 46. Kg4 Rg6+ 47. Kf3 Rf6+ 48. Ke2 Rd5 49. Rd2 Re5+ 50. Kf1 Bc5 51. Re2 Ref5 52. Rd2 Rf3 53. Rc2 a5 54. Ke1 Re6+ 55. Kf1 Rd3 56. Kg1 Re1+ 57. Kh2 Bd6+ 58. Rg3 Bxg3+ 59. fxg3 Ree3 0-1


[Site "https://www.chess.com"]

[Event "Titled Tuesday Blitz June 28 Early 2022"]
[White "Di Nicolantonio, Lucas"]
[Black "Samunenkov, Ihor"]
[WhiteFideId "680460"]
[BlackFideId "14187086"]
[WhiteElo "2381"]
[BlackElo "2409"]
[Result "1-0"]
[Round "04"]
[TimeControl "180+1"]
[Date "2022.06.28"]
[WhiteClock "0:00:25"]
[BlackClock "0:00:02"]

1. c4 c5 2. Nc3 Nc6 3. e3 Nf6 4. Nf3 e5 5. d4 e4 6. Ne5 h5 7. Nxc6 dxc6 8. Be2 Qc7 9. Qc2 Bf5 10. b3 O-O-O 11. dxc5 Bxc5 12. Bb2 h4 13. h3 Rh6 14. Rd1 Rg6 15. Rxd8+ Qxd8 16. Rg1 Bxh3 17. Nxe4 Bb4+ 18. Kf1 Bf5 19. Nd6+ Qxd6 20. Qxf5+ Qd7 21. Bd3 Rh6 22. Rh1 Bd6 23. f4 Qxf5 24. Bxf5+ Kc7 25. Bd4 Rh8 26. c5 Be7 27. Be5+ Kd8 28. b4 Ne8 29. Kf2 Bf6 30. Rd1+ Ke7 31. Rd7+ Kf8 32. Rxb7 Rh5 33. Bd6+ Nxd6 34. cxd6 Rxf5 35. Rb8+ 1-0


[Site "https://www.chess.com"]

[Event "Titled Tuesday Blitz June 28 Early 2022"]
[White "Dinu, Dumitru-Daniel"]
[Black "Iinuma, Paul Y"]
[WhiteFideId "1208403"]
[BlackFideId "2031809"]
[WhiteElo "2240"]
[BlackElo "2052"]
[Result "0-1"]
[Round "04"]
[TimeControl "180+1"]
[Date "2022.06.28"]
[WhiteClock "0:00:06"]
[BlackClock "0:00:06"]

1. e4 c6 2. Nc3 d5 3. Nf3 dxe4 4. Nxe4 Nf6 5. Qe2 Nxe4 6. Qxe4 Nd7 7. Bc4 e6 8. O-O Nf6 9. Qe2 Be7 10. c3 O-O 11. d4 c5 12. Bg5 cxd4 13. Nxd4 a6 14. Rad1 Qa5 15. Bh4 Qc7 16. Bd3 Nd5 17. Bxe7 Qxe7 18. Be4 Nf6 19. Bf3 Qc7 20. Rfe1 Re8 21. g3 e5 22. Nb3 e4 23. Rd4 Bf5 24. Bg2 Re7 25. Nd2 Rae8 26. Nc4 Bg4 27. Qd2 Be6 28. Ne3 Bxa2 29. Nf5 Re5 30. Qg5 g6 31. Qxf6 Rxf5 32. Qh4 Rfe5 33. Bxe4 f5 34. Red1 Rxe4 35. Qf6 Re1+ 36. Rxe1 Rxe1+ 37. Kg2 Qc6+ 38. Kh3 Qxf6 0-1


[Site "https://www.chess.com"]

[Event "Titled Tuesday Blitz June 28 Early 2022"]
[White "Djabri,Massinas"]
[Black "Terrieux, Kevin"]
[WhiteFideId "7905726"]
[BlackFideId "622591"]
[WhiteElo "1941"]
[BlackElo "2482"]
[Result "0-1"]
[Round "04"]
[TimeControl "180+1"]
[Date "2022.06.28"]
[WhiteClock "0:00:15"]
[BlackClock "0:00:11"]

1. d4 d5 2. Bf4 c5 3. e3 Nc6 4. Nc3 cxd4 5. exd4 a6 6. Nf3 Bf5 7. Bd3 Bxd3 8. Qxd3 e6 9. O-O Nf6 10. Ne5 Be7 11. Rfe1 O-O 12. Re3 Qb6 13. Rh3 g6 14. Bg5 Qd8 15. Qg3 Nxd4 16. Qf4 Nf5 17. g4 Ng7 18. Qg3 Ne4 19. Nxe4 Bxg5 20. Nxg5 Qxg5 21. f4 Qe7 22. g5 Nf5 23. Qc3 f6 24. gxf6 Qxf6 25. Rf1 Rac8 26. Qb3 Qg7 27. c3 Rfd8 28. Kh1 Nd6 29. Rg1 Ne4 30. Qc2 Rf8 31. Rh4 Rf5 32. Qd3 Rcf8 33. Qh3 Nf2+ 0-1


[Site "https://www.chess.com"]

[Event "Titled Tuesday Blitz June 28 Early 2022"]
[White "Djokic, Mihailo"]
[Black "Lucas, Arthur"]
[WhiteFideId "976440"]
[BlackFideId "26093073"]
[WhiteElo "2255"]
[BlackElo "2129"]
[Result "1-0"]
[Round "04"]
[TimeControl "180+1"]
[Date "2022.06.28"]
[WhiteClock "0:00:08"]
[BlackClock "0:00:03"]

1. e4 g6 2. d4 Bg7 3. Be3 d6 4. Nc3 a6 5. Qd2 Nd7 6. Nf3 b5 7. a4 b4 8. Ne2 Ngf6 9. Ng3 h5 10. e5 Nd5 11. e6 fxe6 12. Bd3 Nf8 13. Nh4 Nxe3 14. Qxe3 e5 15. Nxg6 exd4 16. Qf3 Bg4 17. Qc6+ Bd7 18. Qe4 Nxg6 19. Qxg6+ Kf8 20. Nxh5 Bf6 21. Nxf6 exf6 22. O-O Be8 23. Qg4 c5 24. Rfe1 Rg8 25. Qf4 Bf7 26. b3 Ra7 27. h4 a5 28. Re2 Re7 29. Rae1 Re5 30. Qh6+ Rg7 31. Rxe5 dxe5 32. Be4 Kg8 33. g3 Qe7 34. Kh2 Be6 35. Qd2 f5 36. Bg2 Qf6 37. Qe2 e4 38. Qa6 Rg6 39. Qa7 Bf7 40. Qxc5 e3 41. fxe3 dxe3 42. Qxe3 Rg4 43. Bh3 Re4 44. Qf2 Rxe1 45. Qxe1 Kg7 46. Qf2 Bg6 47. h5 Bxh5 48. Qxf5 Qxf5 49. Bxf5 Kf6 50. Bd3 Kg5 51. Kh3 Bf3 52. Bh7 Bd1 53. Bd3 Bf3 54. Kh2 Bg4 55. Kg2 Bd1 56. Kf2 Bg4 57. Ke3 Kf6 58. Kd4 Bd7 59. Kc5 Ke5 60. Kb6 Kd4 61. Kxa5 Kc5 62. Ka6 Bc8+ 63. Ka7 Be6 64. Be2 Bf5 65. Bd1 Kd4 66. g4 Bg6 67. a5 Kc3 68. a6 Kd2 69. Bf3 Kxc2 70. Kb7 Kxb3 71. a7 Kc3 72. a8=Q Bc2 73. Qa1+ Kc4 74. Qb2 b3 75. g5 Kb4 76. Bh5 Ka4 77. g6 Bxg6 78. Bxg6 Ka5 79. Kc6 Ka4 80. Kc5 Ka5 81. Qa3# 1-0


[Site "https://www.chess.com"]

[Event "Titled Tuesday Blitz June 28 Early 2022"]
[White "Dobre, Claudiu-Cristian"]
[Black "Ouellet, Maili-Jade"]
[WhiteFideId "1211854"]
[BlackFideId "2620472"]
[WhiteElo "2207"]
[BlackElo "1899"]
[Result "1-0"]
[Round "04"]
[TimeControl "180+1"]
[Date "2022.06.28"]
[WhiteClock "0:00:11"]
[BlackClock "0:00:02"]

1. c4 e6 2. Nf3 d5 3. b3 Nf6 4. Bb2 c5 5. e3 Nc6 6. cxd5 exd5 7. d4 Be7 8. Bb5 O-O 9. O-O Bg4 10. dxc5 Bxc5 11. Be2 Qe7 12. Nc3 Rfd8 13. Nd4 Be6 14. Nxc6 bxc6 15. Na4 Bd6 16. Rc1 c5 17. Bxf6 Qxf6 18. Nxc5 Qe5 19. g3 Bh3 20. Re1 Qe7 21. Nd3 Ba3 22. Rc2 Bf5 23. Bg4 Bg6 24. Rd2 Rac8 25. Bxc8 Rxc8 26. Nf4 Be4 27. Nxd5 Qe5 28. Rd4 Rc1 29. Qd2 Rxe1+ 30. Qxe1 Bb2 31. Qa5 h5 32. Rd2 Bxd5 33. Qxd5 Qf6 34. Kg2 g6 35. Qd8+ Kg7 36. Qxf6+ Bxf6 37. Rd6 Be5 38. Ra6 Bb8 39. b4 Kf8 40. a4 Ke7 41. b5 Kd7 42. b6 axb6 43. Rxb6 Be5 44. Rb5 Bf6 45. a5 Bd8 46. a6 1-0


[Site "https://www.chess.com"]

[Event "Titled Tuesday Blitz June 28 Early 2022"]
[White "Dobrikov, Marco"]
[Black "Ibarra Jerez, Jose Carlos"]
[WhiteFideId "12950378"]
[BlackFideId "2226332"]
[WhiteElo "2101"]
[BlackElo "2628"]
[Result "0-1"]
[Round "04"]
[TimeControl "180+1"]
[Date "2022.06.28"]
[WhiteClock "0:00:57"]
[BlackClock "0:00:39"]

1. e4 c5 2. Nf3 e6 3. d4 cxd4 4. Nxd4 Bc5 5. Nb3 Bb6 6. c4 Ne7 7. Nc3 O-O 8. Be2 f5 9. O-O f4 10. c5 Bc7 11. Nb5 Be5 12. Nd6 Nbc6 13. Nc4 Ng6 14. Nxe5 Ncxe5 15. f3 Qg5 16. Rf2 b6 17. Bd2 bxc5 18. Nxc5 Nxf3+ 19. Bxf3 Qxc5 20. Bc3 Bb7 21. Qxd7 Rf7 22. Qxe6 Nh4 23. Qe5 Qxe5 24. Bxe5 Re8 25. Bd4 Bxe4 26. Bxe4 Rxe4 27. Bc3 Rd7 28. Raf1 g5 29. g3 Ng6 30. h4 Rd3 31. hxg5 Rxg3+ 32. Rg2 Nh4 33. Rxg3 fxg3 34. Rd1 Re2 35. Rd3 Rg2+ 36. Kh1 Kf7 37. Be5 Rh2+ 38. Kg1 Nf5 39. a4 Re2 40. Bxg3 Rxb2 41. Be5 Ra2 42. Rd7+ Ke6 43. Rxa7 Kxe5 44. Rxh7 Rxa4 45. g6 Rg4+ 46. Kf1 Kf4 47. g7 Nxg7 48. Rh8 Ne6 49. Re8 Rg6 50. Re7 Ke3 51. Rf7 Nf4 52. Re7+ Kf3 53. Rf7 Re6 54. Rf8 Ke3 55. Ke1 Rd6 56. Re8+ Kf3 57. Rf8 Rd4 58. Rf7 Rd8 59. Re7 Ng2+ 60. Kf1 Rd1+ 61. Re1 Rxe1# 0-1


[Site "https://www.chess.com"]

[Event "Titled Tuesday Blitz June 28 Early 2022"]
[White "Domingo Nunez, Ruben"]
[Black "Onslow, Alfie"]
[WhiteFideId "22245570"]
[BlackFideId "436976"]
[WhiteElo "2376"]
[BlackElo "1885"]
[Result "1-0"]
[Round "04"]
[TimeControl "180+1"]
[Date "2022.06.28"]
[WhiteClock "0:00:37"]
[BlackClock "0:00:02"]

1. Nf3 c5 2. c4 Nf6 3. Nc3 Nc6 4. g3 d5 5. cxd5 Nxd5 6. Bg2 g6 7. O-O Bg7 8. Nxd5 Qxd5 9. d3 O-O 10. Be3 Qd6 11. Rc1 Nd4 12. Nxd4 cxd4 13. Bf4 e5 14. Bd2 Be6 15. Qa4 Qb6 16. a3 a5 17. b4 axb4 18. Qxb4 Qa7 19. Rc7 Qxa3 20. Qxa3 Rxa3 21. Bb4 Ra2 22. Bxf8 Bxf8 23. Bf3 b5 24. Rb7 b4 25. Rb5 f6 26. Rb1 Kg7 27. Rb7+ Kh6 28. Rb6 Bf5 29. Rxf6 Kg7 30. Rb6 h5 31. Kg2 g5 32. Bxh5 Bc5 33. Rb5 Bd6 34. h3 Kh6 35. Bf3 Kg7 36. Rc1 Bd7 37. Rb7 1-0


[Site "https://www.chess.com"]

[Event "Titled Tuesday Blitz June 28 Early 2022"]
[White "Dushyant Sharma"]
[Black "Agibileg, Uurtsaikh"]
[WhiteFideId "25065130"]
[BlackFideId "4901606"]
[WhiteElo "2105"]
[BlackElo "2205"]
[Result "0-1"]
[Round "04"]
[TimeControl "180+1"]
[Date "2022.06.28"]
[WhiteClock "0:00:18"]
[BlackClock "0:01:37"]

1. e4 c5 2. Nf3 e6 3. d4 cxd4 4. Nxd4 Nc6 5. Nc3 Qc7 6. Be3 a6 7. Qd2 Nf6 8. f4 Na5 9. Qd3 Bb4 10. Be2 b5 11. O-O Bb7 12. Bf3 Bxc3 13. bxc3 Nc4 14. Bc1 d5 15. exd5 Nxd5 16. a4 O-O 17. axb5 axb5 18. Rxa8 Rxa8 19. Nxb5 Qc5+ 20. Nd4 Ra1 21. h3 Ba6 22. Kh2 Nd6 23. Qd1 Bxf1 24. Nb3 Rxc1 25. Qxc1 Qc4 26. Bxd5 exd5 27. Qe3 Qe4 28. Qb6 Qxg2# 0-1


[Site "https://www.chess.com"]

[Event "Titled Tuesday Blitz June 28 Early 2022"]
[White "Elgersma, Onno"]
[Black "Lou, Yiping"]
[WhiteFideId "1053531"]
[BlackFideId "8603928"]
[WhiteElo "2304"]
[BlackElo "2412"]
[Result "0-1"]
[Round "04"]
[TimeControl "180+1"]
[Date "2022.06.28"]
[WhiteClock "0:00:05"]
[BlackClock "0:00:47"]

1. e4 c5 2. Nf3 e6 3. d4 cxd4 4. Nxd4 Nc6 5. Nc3 Qc7 6. Qd3 Nf6 7. Ndb5 Qb8 8. Qg3 d6 9. Be3 a6 10. Nd4 h5 11. f3 Ne5 12. O-O-O b5 13. Bg5 b4 14. Na4 Bd7 15. b3 Bxa4 16. bxa4 Qc7 17. f4 Nxe4 18. Qe3 Nxg5 19. fxe5 Qc3 20. Qxc3 bxc3 21. exd6 Bxd6 22. Nb3 Ba3+ 23. Kb1 Ke7 24. Bd3 f5 25. Rhe1 Kf6 26. h4 Nf7 27. Bc4 Ne5 28. Be2 Rhd8 29. Bxh5 Rxd1+ 30. Rxd1 Rh8 31. Be2 Rxh4 32. Bxa6 Rxa4 33. Bf1 g5 34. Rd4 Ra7 35. Bb5 f4 36. Ra4 Rxa4 37. Bxa4 g4 38. Bb5 f3 39. gxf3 g3 40. Bf1 Nxf3 41. Ka1 Nd2 0-1


[Site "https://www.chess.com"]

[Event "Titled Tuesday Blitz June 28 Early 2022"]
[White "Fecker, Noah"]
[Black "Molina, Roberto Junio Brito"]
[WhiteFideId "1334263"]
[BlackFideId "2109450"]
[WhiteElo "2312"]
[BlackElo "2432"]
[Result "0-1"]
[Round "04"]
[TimeControl "180+1"]
[Date "2022.06.28"]
[WhiteClock "0:00:11"]
[BlackClock "0:00:29"]

1. e4 c6 2. Nc3 d5 3. Nf3 dxe4 4. Nxe4 Bg4 5. h3 Bxf3 6. Qxf3 Nd7 7. Bc4 Ne5 8. Qb3 Nxc4 9. Qxc4 Qd5 10. Qe2 e6 11. O-O Be7 12. c4 Qd7 13. Rd1 Nf6 14. d4 Nxe4 15. Qxe4 O-O 16. Bf4 Rfe8 17. Be5 Rad8 18. Rd3 Bf8 19. Rad1 f6 20. Bh2 Qf7 21. h4 Rd7 22. Bf4 Qg6 23. Qxg6 hxg6 24. Kf1 Kf7 25. d5 cxd5 26. cxd5 e5 27. Be3 a6 28. Rc1 Bd6 29. Ke2 Rh8 30. g3 Bc7 31. a4 Rhd8 32. Rc4 Bd6 33. Bb6 Re8 34. Be3 Ke7 35. Rg4 Kf7 36. Rc4 f5 37. Rd1 Be7 38. Bb6 e4 39. Ke3 g5 40. hxg5 Bxg5+ 41. Ke2 Bf6 42. b3 Re5 43. d6 Ke6 44. Bc7 Rd5 45. Rxd5 Kxd5 46. Rb4 Be5 47. Rb6 Bxd6 48. Bxd6 Rxd6 49. Rxb7 g6 50. Ke3 Ke5 51. b4 Rd3+ 52. Ke2 Rb3 53. b5 Ra3 54. bxa6 Rxa4 55. a7 g5 56. Rb5+ Kf6 57. Rb6+ Ke5 58. Rb5+ Ke6 59. Rb6+ Kf7 60. Rb7+ Kg6 61. Ke3 Ra3+ 62. Kd4 Kh5 63. Ke5 Kg4 64. Kf6 Ra6+ 65. Ke5 Ra5+ 66. Kf6 f4 67. gxf4 gxf4 68. Ke6 Kf3 69. Kd6 Kxf2 70. Rb4 Kf3 71. Rb3+ e3 72. Rb7 0-1


[Site "https://www.chess.com"]

[Event "Titled Tuesday Blitz June 28 Early 2022"]
[White "Fedoseev, Vladimir"]
[Black "Daneshvar, Bardiya"]
[WhiteFideId "24130737"]
[BlackFideId "12576468"]
[WhiteElo "2726"]
[BlackElo "2303"]
[Result "1-0"]
[Round "04"]
[TimeControl "180+1"]
[Date "2022.06.28"]
[WhiteClock "0:01:13"]
[BlackClock "0:00:02"]

1. d4 Nf6 2. c4 c6 3. Nc3 d5 4. e3 e6 5. Nf3 a6 6. Bd2 Nbd7 7. Rc1 Bd6 8. Qc2 b5 9. e4 b4 10. Nxd5 cxd5 11. e5 Be7 12. exf6 Nxf6 13. c5 a5 14. Bb5+ Kf8 15. Ne5 Ne4 16. Be3 Bf6 17. O-O h5 18. f3 Ng5 19. Bf4 Ba6 20. Bxa6 Rxa6 21. c6 Kg8 22. c7 Qc8 23. Nc6 Nh7 24. Be5 Bh4 25. g3 Bg5 26. f4 1-0


[Site "https://www.chess.com"]

[Event "Titled Tuesday Blitz June 28 Early 2022"]
[White "Ferreira, Vitor Hugo Vieira"]
[Black "Garcia, Gabriel Gonzaga"]
[WhiteFideId "2119765"]
[BlackFideId "2138956"]
[WhiteElo "2165"]
[BlackElo "2240"]
[Result "1-0"]
[Round "04"]
[TimeControl "180+1"]
[Date "2022.06.28"]
[WhiteClock "0:00:09"]
[BlackClock "0:00:30"]

1. d4 Nf6 2. c4 e5 3. dxe5 Ng4 4. Nc3 Bc5 5. Ne4 Bb4+ 6. Bd2 Bxd2+ 7. Qxd2 Nxe5 8. Qc3 Qe7 9. O-O-O O-O 10. Nf3 Ng4 11. h3 Nh6 12. Qc2 d6 13. Nc3 Bf5 14. e4 Be6 15. Bd3 Nd7 16. Nd5 Bxd5 17. exd5 g6 18. Rde1 Qf6 19. h4 Rae8 20. h5 Nc5 21. hxg6 Nxd3+ 22. Qxd3 Rxe1+ 23. Nxe1 Qxf2 24. gxh7+ Kg7 25. Qc3+ f6 26. Rh3 Kxh7 27. Rf3 Qh4 28. Qe3 Qg5 29. Rf4 Re8 30. Qxe8 Qxf4+ 31. Kd1 Qd4+ 32. Kc1 Qxc4+ 33. Nc2 Qxd5 34. Qe7+ Kg6 35. Qxc7 Nf5 36. Qb8 Qxg2 37. Qg8+ Ng7 38. Qd8 Qg5+ 39. Kd1 Qd5+ 40. Ke2 Qc4+ 41. Kd2 Qd5+ 42. Kc3 Ne6 43. Qg8+ Kf5 44. Ne3+ Ke5 45. Nxd5 Kxd5 46. Qf7 Ke5 47. Qxb7 f5 48. Qxa7 d5 49. Qb8+ Ke4 50. Qe8 d4+ 51. Kd2 Ke5 52. a4 Kd5 53. Qd7+ Ke5 54. a5 Nc5 55. Qc7+ Kd5 56. b4 Ne4+ 57. Ke1 d3 58. a6 d2+ 59. Kd1 Kd4 60. Qd7+ Ke3 61. a7 Nc3+ 62. Kc2 d1=Q+ 63. Qxd1 Nxd1 64. Kxd1 1-0


[Site "https://www.chess.com"]

[Event "Titled Tuesday Blitz June 28 Early 2022"]
[White "Florescu, Codrut-Constantin"]
[Black "OKEKE, Isaac Chukwudalu"]
[WhiteFideId "1202200"]
[BlackFideId "8508526"]
[WhiteElo "2191"]
[BlackElo "2102"]
[Result "1-0"]
[Round "04"]
[TimeControl "180+1"]
[Date "2022.06.28"]
[WhiteClock "0:00:07"]
[BlackClock "0:00:05"]

1. d4 Nf6 2. Nf3 e6 3. c4 b6 4. g3 Ba6 5. Nbd2 c5 6. Bg2 Nc6 7. dxc5 bxc5 8. O-O Be7 9. b3 O-O 10. Bb2 d5 11. cxd5 exd5 12. Re1 Rc8 13. Rc1 Qa5 14. a3 Rfd8 15. Qc2 h6 16. Nh4 Nd4 17. Qd1 Ne4 18. b4 Qb5 19. Bf1 Nxd2 20. Qxd2 Nb3 21. Qc3 Bf6 22. Qxb3 c4 23. Qc2 d4 24. Nf3 d3 25. exd3 cxd3 26. Qd2 Bxb2 27. Qxb2 Rxc1 28. Qxc1 Qf5 29. Nd2 Bb7 30. Bg2 Bxg2 31. Kxg2 Rc8 32. Qd1 Rc2 33. Re3 Qd5+ 34. Nf3 Qa2 35. Re8+ Kh7 36. Qxd3+ g6 37. Qe3 Qd5 38. Re4 Rc1 39. Rd4 Qa2 40. Rd8 1-0


[Site "https://www.chess.com"]

[Event "Titled Tuesday Blitz June 28 Early 2022"]
[White "Flynn, Jacob"]
[Black "Kanyamarala, Tarun"]
[WhiteFideId "2509393"]
[BlackFideId "45004714"]
[WhiteElo "1896"]
[BlackElo "2219"]
[Result "1-0"]
[Round "04"]
[TimeControl "180+1"]
[Date "2022.06.28"]
[WhiteClock "0:00:03"]
[BlackClock "0:00:11"]

1. d4 g6 2. e4 Bg7 3. Nf3 c6 4. Nc3 d5 5. Be2 Bg4 6. Be3 e6 7. O-O Ne7 8. Qd2 O-O 9. Rad1 Nd7 10. h3 Bxf3 11. Bxf3 Nb6 12. b3 dxe4 13. Nxe4 Nf5 14. c3 e5 15. dxe5 Qxd2 16. Bxd2 Bxe5 17. Rfe1 Rfe8 18. Nc5 Rab8 19. g3 Kf8 20. c4 Bd6 21. Ne4 Be7 22. Bc3 Rbd8 23. Kg2 Nd7 24. h4 h5 25. b4 Nb6 26. c5 Nd5 27. Bd2 Nd4 28. Bh6+ Kg8 29. a3 Nxf3 30. Kxf3 f6 31. Bf4 Nxf4 32. Kxf4 Kf7 33. Kf3 Bf8 34. Nc3 Rxe1 35. Rxe1 Rd2 36. Re2 Rd3+ 37. Re3 Rxe3+ 38. Kxe3 a5 39. Ke4 Ke6 40. Ne2 f5+ 41. Kd3 Kd5 42. Nf4+ Ke5 43. Nxg6+ Kf6 44. Nxf8 axb4 45. axb4 f4 46. Nd7+ Kf5 47. Nb6 Kg4 48. gxf4 Kxh4 49. Ke2 Kh3 50. Kf1 Kg4 51. Kg2 Kxf4 52. Nc4 Ke4 53. Nd6+ Kd4 54. Nxb7 Kc4 55. Nd8 Kxb4 56. Nxc6+ Kxc5 57. Ne5 Kd5 58. Nf7 Ke6 59. Ng5+ Kf5 60. Nh3 Kg4 61. Ng1 Kf4 62. Nf3 Kg4 63. Nh2+ Kf4 64. Kh3 Kg5 65. Kg3 Kf5 66. Kh4 Kf4 67. Kxh5 Ke4 68. Kg4 Kd3 69. f4 1-0


[Site "https://www.chess.com"]

[Event "Titled Tuesday Blitz June 28 Early 2022"]
[White "Gaisinsky, Adam"]
[Black "Ismagilov, Damir"]
[WhiteFideId "2620561"]
[BlackFideId "34199982"]
[WhiteElo "1965"]
[BlackElo "2138"]
[Result "0-1"]
[Round "04"]
[TimeControl "180+1"]
[Date "2022.06.28"]
[WhiteClock "0:00:01"]
[BlackClock "0:00:24"]

1. d4 f5 2. g3 Nf6 3. Bg2 d6 4. Nc3 g6 5. e4 Bg7 6. Nge2 fxe4 7. Nxe4 O-O 8. O-O Nc6 9. h3 Nxe4 10. Bxe4 Bxh3 11. Re1 e5 12. d5 Ne7 13. Bg5 Qd7 14. Qd2 Nf5 15. Bg2 Bxg2 16. Kxg2 h6 17. Be3 Qf7 18. Nc3 Nd4 19. Rf1 Qf3+ 20. Kg1 Qh5 21. Bxd4 exd4 22. Nb5 Rf7 23. c4 dxc3 24. bxc3 a6 25. Na3 Rf3 26. Rac1 Raf8 27. Kg2 R3f5 28. f4 Rxd5 29. Qe3 Ra5 30. Qe6+ Kh7 31. Qb3 Qg4 32. Nc2 Qe2+ 33. Rf2 Qe4+ 34. Kg1 Rh5 35. Rg2 Rb5 36. Qa3 Qd3 37. Nb4 Qe3+ 38. Kh2 Rh5# 0-1


[Site "https://www.chess.com"]

[Event "Titled Tuesday Blitz June 28 Early 2022"]
[White "Gallegos Diaz, Carlos Alberto"]
[Black "Jia, Haoxiang"]
[WhiteFideId "3900886"]
[BlackFideId "8602999"]
[WhiteElo "2362"]
[BlackElo "2610"]
[Result "0-1"]
[Round "04"]
[TimeControl "180+1"]
[Date "2022.06.28"]
[WhiteClock "0:00:31"]
[BlackClock "0:00:42"]

1. e4 c5 2. Nf3 d6 3. Bb5+ Bd7 4. Qe2 Nf6 5. e5 dxe5 6. Nxe5 a6 7. Bxd7+ Nbxd7 8. Nxd7 Qxd7 9. d3 e6 10. O-O Bd6 11. Nd2 O-O 12. Nf3 b5 13. Bg5 Nd5 14. Rfe1 h6 15. Bd2 Rfd8 16. Rad1 Rac8 17. a3 Qc7 18. c4 Nf4 19. Bxf4 Bxf4 20. g3 Bd6 21. d4 bxc4 22. Qxc4 cxd4 23. Qxc7 Bxc7 24. Rxd4 Rxd4 25. Nxd4 Rd8 26. Nf3 Rd3 27. Kg2 Rb3 28. Re2 Bb6 29. Ne5 Bd4 30. Nc4 Kf8 31. f4 Ke7 32. Rd2 Bc5 33. Ne5 f6 34. Nc6+ Kf7 35. Na5 Re3 36. b4 Be7 37. Rd7 Ke8 38. Ra7 Rxa3 39. Nc6 Bf8 40. h4 h5 41. Nd4 e5 42. fxe5 fxe5 43. Nc6 e4 44. b5 axb5 0-1


[Site "https://www.chess.com"]

[Event "Titled Tuesday Blitz June 28 Early 2022"]
[White "Garcia Cuenca, Victor"]
[Black "Simonovic, Miroslav"]
[WhiteFideId "2250829"]
[BlackFideId "919152"]
[WhiteElo "2317"]
[BlackElo "2043"]
[Result "1-0"]
[Round "04"]
[TimeControl "180+1"]
[Date "2022.06.28"]
[WhiteClock "0:00:42"]
[BlackClock "0:00:01"]

1. d4 Nf6 2. Nf3 c5 3. e3 b6 4. c4 Bb7 5. Nc3 g6 6. d5 d6 7. e4 Nbd7 8. h3 Bg7 9. Bd3 O-O 10. O-O e5 11. a4 a5 12. Nh2 Nh5 13. Be3 Nf4 14. Bc2 g5 15. Qd2 h6 16. Rfe1 Nf6 17. Nf1 Bc8 18. Ng3 N6h5 19. Nf5 Bxf5 20. exf5 Nf6 21. Kh2 Nh7 22. Bd1 Nf6 23. g3 N4h5 24. Bf3 Bh8 25. Qe2 Ng7 26. g4 Nh7 27. Kg2 Ne8 28. Rh1 Bf6 29. Ne4 Be7 30. h4 f6 31. hxg5 hxg5 32. Rh6 Rf7 33. Rah1 Rg7 34. R1h5 Ra7 35. Qf1 Bf8 36. Qh1 Qe7 37. Rh3 Rd7 38. Ng3 Rf7 39. Rg6+ Rg7 40. Nh5 Rxg6 41. fxg6 Bg7 42. gxh7+ Kh8 43. Ng3 Bf8 44. Be4 Qf7 45. Bf5 1-0


[Site "https://www.chess.com"]